AoeStats
← ddk

Arabia

510118866Analyzed
1v1 RM · 1d ago on Sep 29, 2026· 31m 30s· 2 players
Game mode
Random Map
Map size
Tiny (2 player)
Population
200
Speed
Normal
Resources
Standard
Victory
Conquest
Starting age
Dark Age
Ending age
Imperial Age
RankedLock teamsTeams togetherTeam positionsShared explorationLock speedFull tech treeHidden civsTurbo modeCheats
Victory
Defeat
🇸🇰 Shu · Slovakia
1030
+15
🇨🇱 Koreans · Chile
1019
-15
GERMANICO7222
7:24 Loom
10:11 Feudal Age
10:59 Double-Bit Axe
13:33 Horse Collar
19:21 Scale Mail Armor
19:31 Forging
25:30 Castle Age
23:24 Gold Mining
24:51 Fletching
26:19 Bodkin Arrow
25:47 Elite Skirmisher
29:12 Wheelbarrow
31:37 Bow Saw
ddk
7:27 Loom
10:02 Feudal Age
10:58 Double-Bit Axe
12:48 Horse Collar
17:09 Wheelbarrow
20:40 Castle Age
19:09 Gold Mining
19:11 Fletching
20:23 Padded Archer Armor
21:55 Bow Saw
21:44 Bodkin Arrow
21:30 Crossbowman
25:35 Thumb Ring
30:20 Imperial Age
29:34 Scale Barding Armor
29:46 Husbandry
30:53 Forging
Connection lost

Rejoining the realm…

Still unreachable

The connection could not be restored.

Session expired

The server has moved on; the page needs a fresh start.